 Dungeon Crawl Stone Soup version 0.27.0-1-g7a089689b8 (webtiles) character file.

Game seed: 13237104452191898788

291184 inmateoo the Brawler (level 19, -5/147 HPs)
             Began as a Palentonga Chaos Knight on Aug 4, 2021.
             Was the Champion of Hepliaklqana.
             Slain by an ettin (19 damage)
             ... on level 1 of the Vaults.
             The game lasted 01:30:35 (40158 turns).

inmateoo the Brawler (Palentonga Chaos Knight)     Turns: 40158, Time: 01:30:36

Health: -5/147     AC: 40    Str: 23    XL:     19   Next: 95%
Magic:  33/33      EV:  3    Int: 18    God:    Hepliaklqana [******]
Gold:   2120       SH: 11    Dex:  9    Spells: 33/38 levels left

rFire    + + +     SeeInvis +   K - +3 Elemental Staff {rElec rF++ rC++ Will++ AC+5}
rCold    + + +     Faith    .   f - +2 kite shield {rC+}
rNeg     . . .     Spirit   .   X - +9 scales of the Dragon King {rPois rF+ rC+ Will+}
rPois    +         Reflect  .   H - +2 hat
rElec    +         Harm     .   L - scarf {rC+ rF+}
rCorr    .         Rampage  .   P - +2 pair of gloves {Stlth+}
Will     ++++.                  (no barding)
Stlth    ..........             y - amulet of regeneration
HPRegen  1.34/turn              v - ring of protection from cold
MPRegen  0.23/turn              k - +6 ring of strength

@: curled up
A: reduced essence, large, rugged brown scales 3, see invisible, deformed body,
roll 2, armoured tail, reflexive curl, clumsy 1
}: 2/15 runes: decaying, gossamer
a: Rolling Charge, Renounce Religion, Recall Ancestor, Ancestor Identity,
Transference, Idealise


You were on level 1 of the Vaults.
You worshipped Hepliaklqana.
Hepliaklqana was exalted by your worship.
You visited 7 branches of the dungeon, and saw 35 of its levels.
You also visited: Bailey and Ice Cave.

You collected 3598 gold pieces.
You spent 1478 gold pieces at shops.

Inventory:

Hand Weapons
 K - the +3 Elemental Staff (weapon) {rElec rF++ rC++ Will++ AC+5}
   (You acquired it on level 4 of the Lair of Beasts)

   If the wielder is skilled in Evocations, they can discharge powerful blasts
   of elemental energy when striking with it.
   It enhances your fire, ice, earth and air magic.
   AC:        It affects your AC (+5).
   rF:        It greatly protects you from fire.
   rC:        It greatly protects you from cold.
   rElec:     It insulates you from electricity.
   Will:      It greatly increases your willpower.
Missiles
 p - 4 throwing nets
Armour
 f - a +2 kite shield of cold resistance (worn)
 H - a +2 hat (worn)
 L - a scarf of resistance (worn)
 P - a +2 pair of gloves of stealth (worn)
 X - the +9 scales of the Dragon King (worn) {rPois rF+ rC+ Will+}
   (You found it on level 4 of the Spider Nest)

   rF:        It protects you from fire.
   rC:        It protects you from cold.
   rPois:     It protects you from poison.
   Will:      It increases your willpower.
Jewellery
 k - a +6 ring of strength (right hand)
 u - a ring of ice
 v - a ring of protection from cold (left hand)
 y - an amulet of regeneration (around neck)
 V - a ring of wizardry
Wands
 c - a wand of digging (7)
 i - a wand of polymorph (23)
 o - a wand of iceblast (18)
 E - a wand of flame (77)
 N - a wand of acid (4)
 S - a wand of mindburst (7)
Scrolls
 a - 6 scrolls of amnesia
 b - 17 scrolls of identify
 d - 2 scrolls of holy word
 e - 2 scrolls of summoning
 g - 2 scrolls of fog
 l - 2 scrolls of enchant armour
 m - a scroll of blinking
 q - 9 scrolls of teleportation
 z - 2 scrolls of silence
 J - 5 scrolls of magic mapping
Potions
 h - 2 potions of resistance
 n - 11 potions of might
 r - 2 potions of cancellation
 s - 6 potions of ambrosia
 x - 5 potions of brilliance
 B - 5 potions of flight
 C - 2 potions of mutation
 D - 2 potions of magic
 F - 5 potions of heal wounds
 G - 6 potions of haste
 I - 3 potions of lignification
 U - 2 potions of invisibility
 W - 5 potions of curing
Miscellaneous
 A - a box of beasts
 O - a condenser vane


   Skills:
 + Level 14.0 Fighting
 + Level 5.1 Staves
 * Level 10.0 Armour
 + Level 10.0 Dodging
 + Level 4.0 Shields
 + Level 16.2 Unarmed Combat
 - Level 10.0 Spellcasting
 - Level 8.0 Transmutations
 - Level 5.0 Earth Magic
 + Level 14.0 Invocations
 + Level 14.0 Evocations


You had 33 spell levels left.
You knew the following spells:

 Your Spells              Type           Power      Damage    Failure   Level
a - Freeze                Ice            52%        1d7       100%        1
b - Wereblood             Tmut           37%        N/A       61%         2
c - Passwall              Tmut/Erth      40%        N/A       82%         2

Your spell library contained the following spells:

 Spells                   Type           Power      Damage    Failure   Level
 Sting                    Tmut/Pois      92%        1d7       95%         1
 Animate Skeleton         Necr           18%        N/A       100%        1
 Apportation              Tloc           18%        N/A       100%        1
 Corona                   Hex            10%        N/A       100%        1
 Pain                     Necr           36%        1d5       100%        1
 Shock                    Conj/Air       52%        1d6       100%        1
 Summon Small Mammal      Summ           36%        N/A       100%        1
 Corpse Rot               Necr/Air       N/A        N/A       100%        2
 Ensorcelled Hibernation  Hex/Ice        26%        N/A       100%        2
 Poisonous Vapours        Pois/Air       26%        N/A       100%        2
 Static Discharge         Conj/Air       13%        N/A       100%        2
 Sublimation of Blood     Necr           4%         N/A       100%        2
 Frozen Ramparts          Ice            26%        1d4       100%        3
 Inner Flame              Hex/Fire       13%        N/A       100%        3
 Ozocubu's Armour         Ice            13%        N/A       100%        3
 Portal Projectile        Hex/Tloc       18%        N/A       100%        3
 Swiftness                Air            13%        N/A       100%        3
 Tukima's Dance           Hex            9%         N/A       100%        3
 Vampiric Draining        Necr           4%         2d6       100%        3
 Airstrike                Air            6%         N/A       100%        4
 Cause Fear               Hex            4%         N/A       100%        4
 Dispel Undead            Necr           9%         3d8       100%        4
 Hailstorm                Conj/Ice       13%        3d5       100%        4
 Ice Form                 Ice/Tmut       35%        N/A       100%        4
 Olgreb's Toxic Radiance  Pois           9%         N/A       100%        4
 Passage of Golubria      Tloc           N/A        N/A       100%        4
 Sticky Flame             Conj/Fire      13%        2d4       100%        4
 Summon Ice Beast         Ice/Summ       13%        N/A       100%        4
 Summon Lightning Spire   Summ/Air       13%        N/A       100%        4
 Alistair's Intoxication  Tmut/Pois      15%        N/A       100%        5
 Blade Hands              Tmut           18%        N/A       100%        5
 Bolt of Magma            Conj/Fire/Erth 16%        4d9       100%        5
 Borgnjor's Vile Clutch   Necr/Erth      13%        N/A       100%        5
 Excruciating Wounds      Necr           4%         N/A       100%        5
 Freezing Cloud           Conj/Ice/Air   10%        6-21      100%        5
 Lightning Bolt           Conj/Air       6%         1d18      100%        5
 Summon Forest            Summ/Tloc      4%         N/A       100%        5
 Yara's Violent Unravell  Hex/Tmut       11%        3d6       100%        5
 Eringya's Noxious Bog    Tmut/Pois      11%        N/A       100%        6
 Invisibility             Hex            4%         N/A       100%        6
 Simulacrum               Ice/Necr       6%         N/A       100%        6
 Malign Gateway           Summ/Tloc      4%         N/A       100%        7
 Ozocubu's Refrigeration  Ice            6%         4d6       100%        7
 Summon Hydra             Summ           4%         N/A       100%        7
 Discord                  Hex            4%         N/A       100%        8
 Lehudib's Crystal Spear  Conj/Erth      13%        10d5      100%        8
 Summon Horrible Things   Summ           4%         N/A       100%        8


Dungeon Overview and Level Annotations

Branches:
Dungeon (15/15)            Temple (0/1) D:5            Lair (6/6) D:8
  Swamp (4/4) Lair:3       Spider (4/4) Lair:2        Slime (0/5) Lair:6
    Orc (2/2) D:11            Elf (3/3) Orc:2        Vaults (1/5) D:14
 Depths (0/5) D:15         Bailey (visited)           IceCv (visited)

Altars:
Dithmenos
Gozag
Hepliaklqana
Makhleb
Nemelex Xobeh
Qazlal
Ru
Sif Muna
Trog
Uskayaw
Vehumet
Xom
Zin
Beogh
Jiyva
Lugonu

Shops:
D:14 [   Orc:2 *[=:   Elf:1 (

Portals:
Abyss: Lair:6

Annotations:
Elf:2 5 runed translucent doors


Innate Abilities, Weirdness & Mutations

Your life essence is reduced to manifest your ancestor. (-10% HP)
You are completely covered in rugged brown scales. (AC +3, +7% HP)
You have supernaturally acute eyesight. (SInv)
Armour fits poorly on your strangely shaped body.
You can roll at foes to attack.
You have a long armoured tail.
You curl defensively after being hit.
You are clumsy. (Dex -2)


Message History

The war gargoyle is recalled.
The war gargoyle hits you with a runed lajatang.
Nkonkoni gestures at the war gargoyle while chanting.
The stone arrow hits the ettin!!
The ettin hits you with a dire flail! The ettin hits you with a great mace!!
The ironbound convoker points at the deep elf high priest and mumbles some strange words.
The deep elf high priest seems to grow stronger.
The deep elf high priest hits you with a short sword.
A war gargoyle, a deep elf high priest and an ettin come into view.
The war gargoyle is wielding a +2 vampiric lajatang.
Unknown command.
The war gargoyle launches metal splinters at you.
The spray of metal splinters hits you but does no damage.
Nkonkoni hits the ettin with a +0 lajatang of freezing!!
Nkonkoni freezes the ettin.
The war gargoyle launches metal splinters at you.
The spray of metal splinters hits you!!
The ettin hits you with a +0 dire flail!!
You block the ettin's attack.
Unknown command.
The deep elf high priest hits Nkonkoni with a +0 short sword!
Unknown command.
The war gargoyle launches metal splinters at you.
The spray of metal splinters hits you.
Nkonkoni closely misses the deep elf high priest.
The deep elf high priest utters an invocation to its god.
The deep elf high priest begins emitting a brilliant aura!
The ironbound convoker is empowered by the deep elf high priest's aura!
Unknown command.
Nkonkoni points at the deep elf high priest and mumbles some strange words.
The bolt of magma hits the deep elf high priest!!
The ettin hits you with a +0 dire flail!!
* * * LOW HITPOINT WARNING * * *
The ettin hits you with a +0 great mace!!
* * * LOW HITPOINT WARNING * * *
There is a gate leading back out of this place, spattered with blood here.
Unknown command.
Nkonkoni barely misses the deep elf high priest.
The ettin hits you with a +0 dire flail!!
You die...

##########+#
#..........#
#..........#
#..........#
#....9eR...#
#...@C.....#
#....p.....#
#..........+
#..........#
############


You could see the friendly Nkonkoni the battlemage, an ettin, a war gargoyle, a
deep elf high priest (strong, brilliance aura, ally target) and an ironbound
convoker (empowered, catching breath).

Vanquished Creatures
  Asterion (Elf:3)
  Frances (D:13)
  2 thorn hunters (Swamp:3)
  2 sphinxes (Elf:1)
  A ghost moth (Spider:4)
  3 emperor scorpions
  A deep elf elementalist (Elf:3)
  A quicksilver ooze (Lair:6)
  4 bunyips
  A spark wasp (Spider:4)
  An eleionoma (Swamp:2)
  2 blizzard demons (IceCv)
  A deep elf death mage (Elf:3)
  3 fire dragons
  4 boulder beetles
  The ghost of Naggiasi the Slicer, a journeyman KoBr of Trog (D:12)
  A shambling mangrove (Swamp:4)
  16 hydras
  2 vault guards
  4 ghost crabs
  An ogre mage (D:11)
  15 two-headed ogres
  3 dancing weapons
  A tengu warrior (D:15)
  2 death yaks
  5 alligators
  7 deep elf knights
  A skeletal warrior (D:14)
  A wizard (D:14)
  A swamp dragon (Swamp:4)
  An obsidian statue (IceCv)
  3 spriggan druids
  4 deep elf archers
  3 bog bodies
  9 orb spiders
  5 deep elf zephyrmancers
  4 orc sorcerers (Orc:2)
  9 deep elf pyromancers
  A harpy (Elf:1)
  12 ugly things
  13 wolf spiders
  8 manticores
  4 black mambas
  A centaur zombie (D:11)
  3 will-o-the-wisps
  4 elephants
  3 demonic crawlers
  2 torpor snails
  4 cane toads
  5 gargoyles
  2 unseen horrors
  2 rime drakes
  A kobold demonologist (D:10)
  4 entropy weaver simulacra (IceCv)
  An ice devil (IceCv)
  2 komodo dragons
  2 freezing wraiths (IceCv)
  2 queen bees (shapeshifter)
  A tyrant leech (Lair:3)
  12 jumping spiders
  3 trolls
  A queen bee (D:12)
  2 meliai
  7 hornets
  4 dream sheep (Lair:6)
  A polar bear (Lair:4)
  5 slime creatures
  13 blink frogs
  A meliai zombie (D:11)
  An air elemental (Elf:2)
  2 wraiths
  3 spriggan simulacra (IceCv)
  3 water elementals
  A ynoxinul (Lair:6)
  32 redbacks
  2 shadows
  20 tarantellas
  5 basilisks
  A fire elemental (Elf:1)
  A wyvern (Lair:5)
  A hog (Swamp:1)
  A human (Swamp:1)
  21 yaks
  A chaos spawn (Lair:6)
  A steam dragon (D:6)
  2 vampire mosquitoes
  A large abomination (Lair:6)
  2 harpy simulacra (IceCv)
  6 swamp worms
  3 wargs (Orc:2)
  17 water moccasins
  2 acid dragons
  14 orc warriors
  9 swamp drakes
  An ice beast (D:6)
  2 alligator simulacra (IceCv)
  2 black bears
  3 boggarts (D:15)
  An ettin simulacrum (IceCv)
  2 battlemagi
  6 ogres
  9 wolves
  8 centaurs
  3 kobold brigands
  10 bullfrogs
  5 small abominations (Lair:6)
  5 deep troll simulacra (IceCv)
  4 scorpions
  Dowan (D:6)
  A wyvern skeleton (D:7)
  4 water moccasin skeletons
  20 killer bees
  A lindwurm simulacrum (IceCv)
  A wight (D:7)
  5 electric eels
  4 howler monkeys
  2 jellies
  A gnoll shaman (D:5)
  5 hounds
  11 orc priests
  Crazy Yiuf (D:6)
  A centaur skeleton (D:7)
  2 hell rats
  4 iguanas
  29 orc wizards
  A scorpion zombie (D:4)
  A hound zombie (D:4)
  2 hound skeletons (D:4)
  Robin (D:2)
  18 adders
  8 gnolls
  A river rat (D:8)
  An ufetubus (D:5)
  An adder zombie (D:4)
  2 worms
  3 dart slugs
  85 orcs
  5 endoplasms
  A giant cockroach (D:3)
  9 goblins
  6 hobgoblins
  8 jackals
  2 quokkas
  4 ball pythons
  5 bats
  A frilled lizard (D:3)
  9 kobolds
  10 rats
  A spectral hobgoblin (D:13)
  A briar patch (Swamp:3)
745 creatures vanquished.

Vanquished Creatures (collateral kills)
  Arachne (Spider:2)
  The ghost of Zosacw the Slingshot, an adept HaHu of Okawaru (Spider:2)
  Rupert (D:13)
  A sphinx (Elf:1)
  Gastronok (Lair:3)
  Kirke (Swamp:1)
  The ghost of Nordron the Fighter, a journeyman DjFE of Makhleb (Lair:6)
  An orc warlord (D:11)
  An emperor scorpion (Spider:4)
  A ghost moth (Spider:4)
  Azrael (D:13)
  The ghost of jt the Fighter, a journeyman DjWn of Nemelex Xobeh (D:11)
  3 bunyips
  3 spark wasps
  4 eleionomae
  A fire dragon (Elf:1)
  14 hydras
  2 vault guards (D:14)
  8 boulder beetles
  A rakshasa (D:15)
  Harold (D:7)
  A ghost crab (Swamp:3)
  A death knight (D:15)
  An ogre mage (D:15)
  5 two-headed ogres
  4 alligators
  A centaur warrior (D:12)
  7 dancing weapons
  4 death yaks
  2 tengu warriors
  An orc high priest (Orc:1)
  Sonja (Lair:2)
  3 thrashing horrors (Lair:6)
  8 deep elf knights
  3 goliath frogs
  3 skeletal warriors (D:14)
  A spriggan druid (Swamp:4)
  11 swamp dragons
  A swamp dragon (shapeshifter) (D:14)
  4 bog bodies
  A wizard (D:15)
  8 deep elf archers
  10 deep elf zephyrmancers
  2 orc knights (Bailey)
  12 deep elf pyromancers
  8 wolf spiders
  9 ugly things
  3 manticores
  6 orc sorcerers
  3 cyclopes
  2 will-o-the-wisps (Swamp:1)
  11 orb spiders
  A guardian serpent (shapeshifter) (D:15)
  6 elephants
  A torpor snail (Lair:6)
  A moth of wrath (Spider:4)
  7 black mambas
  A gargoyle (D:9)
  An unseen horror (D:12)
  An efreet (D:13)
  2 rime drakes
  5 komodo dragons
  9 cane toads
  3 freezing wraiths
  A yaktaur (D:15)
  10 demonic crawlers
  5 entropy weaver simulacra (IceCv)
  2 tengu conjurers
  A troll (D:12)
  3 ice devils (IceCv)
  An ancient zyme (Lair:6)
  A queen bee (shapeshifter) (Lair:6)
  A bloated husk (Swamp:1)
  18 jumping spiders
  A meliai (Spider:3)
  3 tyrant leeches
  9 slime creatures
  A polar bear (Lair:6)
  7 hornets
  14 blink frogs
  6 dream sheep (Lair:6)
  A water elemental (D:13)
  3 wyverns
  2 large abominations (Lair:6)
  2 ynoxinuls (Lair:6)
  47 redbacks
  5 spriggans
  15 yaks
  19 tarantellas
  3 basilisks (Lair:6)
  5 fire elementals
  7 minotaur simulacra (IceCv)
  A chaos spawn (Lair:6)
  A steam dragon (D:8)
  A warg (D:11)
  2 vampire mosquitoes (D:13)
  7 small abominations (Lair:6)
  6 swamp worms
  2 harpy simulacra (IceCv)
  Duvessa (D:6)
  15 water moccasins
  A hell hound (Elf:1)
  18 orc warriors
  6 swamp drakes (Swamp:4)
  2 ice beasts
  3 wolves
  6 ogres
  3 centaurs
  Blork the orc (D:6)
  5 bullfrogs
  4 deep troll simulacra (IceCv)
  4 earth elementals (Elf:1)
  A gnoll sergeant (D:11)
  A wyvern zombie (D:9)
  19 killer bees
  3 wights (D:8)
  2 electric eels (D:13)
  4 howler monkeys
  3 centaur zombies
  6 orc priests
  A gnoll shaman (D:8)
  6 hell rats
  11 orc wizards
  3 gnolls
  8 adders (Lair:3)
  2 river rats (D:8)
  A white imp (D:6)
  53 orcs
  6 kobolds
  A quokka (D:8)
637 creatures vanquished.

Vanquished Creatures (others)
  A ghost moth (Spider:4)
  A deep elf knight (Elf:2)
  A blink frog (Lair:6)
  2 bloated husks
  A dream sheep (Lair:6)
  A water elemental (D:13)
  A basilisk (Lair:6)
  5 humans (Swamp:1)
  A vampire mosquito (Swamp:3)
  2 electric eels (D:13)
  2 orc wizards
  4 ancestors
  63 battlemagi
  2 orcs (Orc:2)
  3 briar patches (Swamp:3)
  A bush (Lair:6)
  17 foxfires
  15 fungi
  125 plants
  2 withered plants (D:4)
250 creatures vanquished.

Grand Total: 1632 creatures vanquished

Notes
Turn   | Place    | Note
-------+----------+-------------------------------------------
     0 | D:1      | inmateoo the Palentonga Chaos Knight began the quest for
                  | the Orb.
     0 | D:1      | Reached XP level 1. HP: 19/19 MP: 1/1
    47 | D:1      | XOM: silly message
   121 | D:1      | Fell from the grace of Xom
   199 | D:1      | Reached XP level 2. HP: 23/25 MP: 2/2
   218 | D:1      | XOM: stat loss: -1 Dex (8/9)
   719 | D:2      | Reached XP level 3. HP: 21/31 MP: 3/3
   883 | D:2      | Found a hazy altar of Hepliaklqana.
   929 | D:2      | Reached skill level 4 in Unarmed Combat
  1239 | D:2      | XOM: summons 4 hostile shadow creatures
  1476 | D:3      | Reached XP level 4. HP: 39/39 MP: 4/4
  1484 | D:3      | Noticed Robin
  1623 | D:2      | Killed Robin
  2061 | D:3      | Found a radiant altar of Vehumet.
  2061 | D:3      | Found a sacrificial altar of Ru.
  2068 | D:3      | Found a bloodstained altar of Trog.
  2070 | D:3      | Found a sparkling altar of Nemelex Xobeh.
  2072 | D:3      | Found a stormy altar of Qazlal.
  2246 | D:3      | Reached skill level 5 in Unarmed Combat
  2246 | D:3      | Reached XP level 5. HP: 43/44 MP: 5/5
  2279 | D:3      | XOM: stat loss: -2 Str (13/15)
  2411 | D:3      | Got Imygouw's Guide on Icy Malediction
  2574 | D:3      | Learned a level 1 spell: Freeze
  2627 | D:4      | Reached skill level 1 in Dodging
  2634 | D:4      | Noticed an ogre
  2715 | D:3      | Killed an ogre
  2716 | D:3      | Reached skill level 1 in Spellcasting
  2716 | D:3      | Reached XP level 6. HP: 45/52 MP: 7/7
  2945 | D:4      | Reached skill level 6 in Unarmed Combat
  2945 | D:4      | Gained mutation: You curl defensively after being hit.
                  | [Palentonga growth]
  2945 | D:4      | Reached XP level 7. HP: 41/58 MP: 9/9
  3176 | D:2      | Became a worshipper of Hepliaklqana the Forgotten
  3249 | D:4      | XOM: 1-stop teleportation journey
  3864 | D:5      | Entered Level 5 of the Dungeon
  3864 | D:5      | Found a staircase to the Ecumenical Temple.
  3998 | D:5      | Reached skill level 5 in Fighting
  4049 | D:5      | Got the Papyrus of the Entourage and Fire
  4140 | D:5      | XOM: noise
  4178 | D:5      | XOM: swap monsters
  4223 | D:5      | Reached skill level 7 in Unarmed Combat
  4237 | D:5      | Reached XP level 8. HP: 59/66 MP: 12/12
  4718 | D:5      | Reached * piety under Hepliaklqana
  4786 | D:5      | Learned a level 2 spell: Wereblood
  4960 | D:6      | Reached skill level 1 in Transmutations
  5035 | D:6      | Noticed Duvessa
  5037 | D:6      | Noticed Dowan
  5040 | D:6      | Reached skill level 8 in Unarmed Combat
  5147 | D:5      | XOM: summons 1 hostile demon
  5168 | D:6      | Killed Duvessa
  5176 | D:6      | Killed Dowan
  5332 | D:6      | Reached XP level 9. HP: 56/66 MP: 15/15
  5529 | D:6      | Noticed Blork the orc
  5539 | D:6      | Killed Blork the orc
  5628 | D:6      | XOM: summons 7 hostile demons
  5763 | D:6      | Reached skill level 1 in Invocations
  5798 | D:6      | Found a burning altar of Makhleb.
  5911 | D:6      | Found a runed translucent door.
  5912 | D:6      | Noticed Crazy Yiuf
  5930 | D:6      | Killed Crazy Yiuf
  6043 | D:6      | XOM: summons 4 hostile demons
  6394 | D:7      | Noticed Harold
  6620 | D:7      | Killed Harold
  6621 | D:7      | Reached skill level 5 in Spellcasting
  6691 | D:7      | Reached ** piety under Hepliaklqana
  6692 | D:7      | Remembered your ancestor Nkonkoni as a battlemage
  6754 | D:7      | XOM: summons 1 hostile demon
  6843 | D:8      | Found a staircase to the Lair.
  6843 | D:8      | Noticed a death yak
  6843 | D:8      | Noticed a death yak
  6844 | D:8      | Noticed a death yak
  6916 | D:7      | Reached XP level 10. HP: 31/72 MP: 17/17
  7184 | D:8      | Noticed a two-headed ogre
  7307 | D:8      | Killed a two-headed ogre
  7435 | D:8      | Noticed a two-headed ogre
  7443 | D:8      | Killed a two-headed ogre
  7444 | D:8      | Reached skill level 9 in Unarmed Combat
  7444 | D:8      | Reached skill level 5 in Transmutations
  7614 | D:8      | Killed a death yak
  7875 | D:8      | Reached skill level 5 in Armour
  7942 | D:8      | Killed a death yak
  7943 | D:8      | Reached skill level 5 in Invocations
  7997 | D:8      | Killed a death yak
  7998 | D:8      | Reached XP level 11. HP: 49/83 MP: 20/20
  8375 | D:8      | XOM: give mutations
  8375 | D:8      | Gained mutation: You occasionally shout uncontrollably at
                  | your foes. [Xom's mischief]
  8375 | D:8      | Gained mutation: You are weak. (Str -2) [Xom's mischief]
  8539 | D:9      | Reached skill level 5 in Dodging
  8624 | D:9      | Learned a level 2 spell: Passwall
  8654 | D:9      | Noticed a two-headed ogre
  8665 | D:9      | Killed a two-headed ogre
  8666 | D:9      | Reached skill level 10 in Unarmed Combat
  8747 | D:9      | Found a shimmering blue altar of Sif Muna.
  8886 | D:9      | Identified the +0 leather armour of Whack-A-Mole {Rampage
                  | Dex+4 Stlth-}
  9249 | D:9      | Found a hide-covered altar of Uskayaw.
  9275 | D:10     | Entered Level 10 of the Dungeon
  9282 | D:10     | Reached *** piety under Hepliaklqana
  9336 | D:10     | Noticed a two-headed ogre
  9343 | D:10     | Killed a two-headed ogre
  9350 | D:10     | Noticed a two-headed ogre
  9358 | D:10     | Killed a two-headed ogre
  9439 | D:10     | Noticed a two-headed ogre
  9654 | D:10     | Noticed a soul eater
  9797 | D:10     | Reached skill level 11 in Unarmed Combat
  9886 | D:10     | Killed a two-headed ogre
  9887 | D:10     | Reached skill level 10 in Fighting
  9967 | D:11     | Found a runed translucent door.
  9967 | D:11     | Noticed jt's ghost (journeyman DjWn)
 10091 | D:11     | Identified the +2 rapier "Sarcophage" {elec, Fly rC+
                  | Stlth+}
 10127 | D:11     | Noticed a boulder beetle
 10127 | D:11     | Noticed a two-headed ogre
 10154 | D:11     | Killed a two-headed ogre
 10184 | D:11     | Killed a boulder beetle
 10185 | D:11     | Reached skill level 12 in Unarmed Combat
 10185 | D:11     | Reached XP level 12. HP: 59/94 MP: 21/21
 10212 | D:11     | Found a staircase to the Orcish Mines.
 10370 | D:11     | Found a glowing silver altar of Zin.
 10552 | D:11     | Reached **** piety under Hepliaklqana
 10688 | D:12     | Found a flagged portal.
 10736 | Bailey   | Entered a bailey
 10958 | Bailey   | XOM: noise
 11118 | D:12     | Noticed a two-headed ogre
 11127 | D:12     | Killed a two-headed ogre
 11144 | D:12     | XOM: noise
 11187 | D:12     | Noticed a seven-headed hydra
 11191 | D:12     | Killed a seven-headed hydra
 11390 | D:12     | Noticed a centaur warrior
 11394 | D:12     | Killed a centaur warrior
 11467 | D:12     | Noticed a boulder beetle
 11484 | D:12     | Killed a boulder beetle
 11485 | D:12     | Reached skill level 1 in Shields
 11551 | D:12     | Noticed a boulder beetle
 11606 | D:12     | XOM: noise
 11609 | D:12     | Killed a boulder beetle
 11753 | D:12     | Noticed a four-headed hydra
 11761 | D:12     | Killed a four-headed hydra
 11762 | D:12     | Reached XP level 13. HP: 67/100 MP: 23/23
 11763 | D:12     | Reached skill level 10 in Invocations
 11763 | D:12     | Reached XP level 14. HP: 74/107 MP: 24/24
 11810 | D:12     | Found a shadowy altar of Dithmenos.
 12090 | D:12     | Noticed Naggiasi's ghost (journeyman KoBr)
 12091 | D:12     | Found a runed translucent gate.
 12092 | D:12     | Found a runed translucent gate.
 12093 | D:12     | Found a runed translucent gate.
 12095 | D:12     | Identified the +8 chain mail of the Ten Howling Ghosts
                  | {Fly}
 12221 | D:13     | XOM: noise
 12221 | D:13     | Noticed Rupert
 12318 | D:12     | XOM: noise
 12318 | D:12     | Was forgiven by Xom
 12533 | D:13     | Noticed Frances
 12692 | Lair:1   | Entered Level 1 of the Lair of Beasts
 12817 | Lair:1   | Lost mutation: You are weak. (Str -2) [potion of mutation]
 12817 | Lair:1   | Lost mutation: You occasionally shout uncontrollably at
                  | your foes. [potion of mutation]
 12817 | Lair:1   | Gained mutation: You can roll at foes to attack. [potion of
                  | mutation]
 12817 | Lair:1   | Gained mutation: You are clumsy. (Dex -2) [potion of
                  | mutation]
 12918 | Lair:1   | Found the +8 whip "Snakebite" {venom, curare, rPois}
 13405 | Lair:1   | Reached ***** piety under Hepliaklqana
 13802 | Lair:2   | Noticed Sonja
 13810 | Lair:2   | Killed Sonja
 13811 | Lair:2   | Reached skill level 1 in Evocations
 14234 | Lair:2   | Found a hole to the Spider Nest.
 14423 | Lair:2   | Reached skill level 13 in Unarmed Combat
 15661 | Lair:3   | Noticed Gastronok
 15673 | Lair:3   | Killed Gastronok
 15932 | Lair:3   | Found a staircase to the Swamp.
 16513 | Lair:4   | Reached XP level 15. HP: 114/116 MP: 27/27
 16595 | Lair:4   | Identified a scroll of acquirement
 16595 | Lair:4   | Acquired the +3 Elemental Staff {rElec rF++ rC++ Will++
                  | AC+5}
 16596 | Lair:4   | Found the +3 Elemental Staff {rElec rF++ rC++ Will++ AC+5}
 16628 | Lair:4   | Reached ****** piety under Hepliaklqana
 17039 | Lair:5   | Found an opulent altar of Gozag.
 17204 | Lair:5   | Reached skill level 5 in Evocations
 17573 | Lair:6   | Entered Level 6 of the Lair of Beasts
 17574 | Lair:6   | Found a runed translucent gate.
 17574 | Lair:6   | Found a runed translucent gate.
 17574 | Lair:6   | Found a runed translucent gate.
 17624 | Lair:6   | Noticed Nordron's ghost (journeyman DjFE)
 18066 | Lair:6   | Reached skill level 14 in Unarmed Combat
 18542 | Lair:6   | Identified the ring "Hovun" {Fire Str+2 Int+3 Dex+2}
 18641 | Lair:6   | Found a viscous altar of Jiyva.
 18885 | Lair:6   | Found a corrupted altar of Lugonu.
 18885 | Lair:6   | Found a one-way gate to the infinite horrors of the Abyss.
 18975 | Lair:6   | Found a viscous altar of Jiyva.
 18975 | Lair:6   | Found a staircase to the Slime Pits.
 19352 | Orc:1    | Entered Level 1 of the Orcish Mines
 19505 | D:11     | Reached skill level 10 in Evocations
 19537 | Orc:1    | Noticed an orc warlord
 19791 | D:11     | Killed an orc warlord
 19980 | Orc:1    | Reached XP level 16. HP: 89/123 MP: 28/28
 20170 | Orc:1    | You fall into a shaft and drop 1 floor!
 20170 | Orc:2    | Entered Level 2 of the Orcish Mines
 20615 | Orc:2    | Found a staircase to the Elven Halls.
 20836 | Orc:2    | Found Voni's General Store.
 20845 | Orc:2    | Bought a condenser vane for 640 gold pieces
 20845 | Orc:2    | Bought a potion of curing for 48 gold pieces
 20923 | Orc:2    | Found Vefec's Jewellery Shoppe.
 20944 | Orc:2    | Found Diobaryg's Book Boutique.
 20999 | Orc:2    | Found Migig's Antique Armour Boutique.
 21019 | Orc:2    | Bought a pair of glowing gloves for 217 gold pieces
 21165 | Orc:2    | Bought the Catalogue of Envenoming and Clay for 572 gold
                  | pieces
 21418 | D:11     | Killed jt's ghost
 21547 | D:12     | Killed Naggiasi's ghost
 21594 | D:12     | Identified the +1 pair of boots "Riroedd" {Rampage Fly}
 21671 | D:13     | Killed Rupert
 21672 | D:13     | Noticed Azrael
 21906 | D:13     | Reached skill level 1 in Staves
 21935 | D:13     | Killed Azrael
 21976 | D:13     | Killed Frances
 21977 | D:13     | Reached skill level 1 in Earth Magic
 22412 | D:13     | Found a hazy altar of Hepliaklqana.
 22775 | D:14     | Found Tiysso's Armour Emporium.
 22786 | D:14     | Bought the -5 cloak of Ceipha Icary {rPois Dex+3} for 1
                  | gold piece
 23018 | D:14     | Found a gate to the Vaults.
 23416 | D:15     | Entered Level 15 of the Dungeon
 23893 | D:15     | Found a staircase to the Depths.
 24229 | D:15     | Found a shimmering altar of Xom.
 24684 | Spider:1 | Entered Level 1 of the Spider Nest
 24961 | Spider:1 | Reached XP level 17. HP: 130/130 MP: 29/29
 26850 | Spider:2 | Found a runed translucent door.
 26858 | Spider:2 | Noticed Zosacw's ghost (adept HaHu)
 27549 | Spider:3 | Noticed Arachne
 27830 | Spider:2 | Killed Arachne
 28307 | Spider:4 | Entered Level 4 of the Spider Nest
 28824 | Spider:4 | Found the +9 scales of the Dragon King {rPois rF+ rC+
                  | Will+}
 29178 | Spider:3 | Reached skill level 5 in Staves
 30049 | Swamp:1  | Entered Level 1 of the Swamp
 30093 | Swamp:1  | Reached XP level 18. HP: 87/133 MP: 31/31
 30121 | Swamp:1  | Reached skill level 5 in Earth Magic
 30142 | Swamp:1  | Noticed Kirke
 30150 | Swamp:1  | Killed Kirke
 30454 | Swamp:1  | Found a frozen archway.
 30541 | IceCv    | Entered an ice cave
 31927 | Swamp:2  | Identified the +2 ring mail "Rorch" {rCorr Dex+7 Slay-2
                  | Stlth+}
 32421 | Swamp:2  | Reached skill level 10 in Spellcasting
 33319 | Swamp:3  | Identified the +6 chain mail "Loubot" {rN+}
 33455 | Swamp:4  | Entered Level 4 of the Swamp
 35548 | Spider:4 | Reached XP level 19. HP: 35/146 MP: 33/33
 35666 | Spider:4 | Got a gossamer rune of Zot
 36462 | Swamp:4  | Got a decaying rune of Zot
 36807 | Spider:2 | Killed Zosacw's ghost
 37082 | Lair:6   | Killed Nordron's ghost
 37343 | Elf:1    | Entered Level 1 of the Elven Halls
 37721 | Elf:1    | Reached skill level 10 in Armour
 37723 | Elf:1    | Reached skill level 10 in Dodging
 37942 | Elf:1    | Reached skill level 15 in Unarmed Combat
 38280 | Elf:1    | Found Ollan's Antique Weapon Emporium.
 39197 | Elf:2    | Found a huge runed translucent gate.
 39199 | Elf:2    | Found a huge runed translucent gate.
 39204 | Elf:2    | Found a huge runed translucent gate.
 39205 | Elf:2    | Found a huge runed translucent gate.
 39205 | Elf:2    | Found a huge runed translucent gate.
 39248 | Elf:2    | Reached skill level 16 in Unarmed Combat
 39455 | Elf:3    | Entered Level 3 of the Elven Halls
 39498 | Elf:3    | Noticed Asterion
 39511 | Elf:3    | Killed Asterion
 40149 | Vaults:1 | Entered Level 1 of the Vaults
 40158 | Vaults:1 | Slain by an ettin

Illustrated notes

Levels and vault maps discovered:
D:1:      dpeg_arrival_ratfight, layout_basic, corexii_corridor_pit
D:2:      layout_basic, basic_altar, kennysheep_generic_room_15
D:3:      layout_basic, chequers_temple_overflow_minitemple, chequers_garden,
          chequers_serial_rivers_micro_d, corexii_corridor_pit, uniq_robin
D:4:      layout_loops_ring, serial_undead, serial_undead_b, serial_undead_a,
          serial_undead_e, serial_undead_f
D:5:      layout_loops_ring, minmay_temple_entry_butterflies, serial_rivers,
          chequers_serial_rivers_micro_b, chequers_serial_rivers_micro_d,
          chequers_serial_rivers_micro_c, chequers_serial_rivers_small_a,
          chequers_serial_rivers_micro_d
D:6:      layout_basic, mainiacjoe_overflow_alcove_4, uniq_blork_the_orc,
          uniq_duvessa, uniq_crazy_yiuf_cottage
D:7:      layout_rooms, hangedman_abyss_or_decor_stabs, uniq_harold
D:8:      layout_loops_ring, dpeg_lair_monsters
D:9:      layout_rooms, nicolae_uskayaw_suspiria, tgw_sif, eino_jars
D:10:     layout_small_grid, nicolae_overflow_hidden_temple, minmay_diced_spiral
D:11:     layout_loops_cross, orc_david_3, hellmonk_ghost_happy_afterlife,
          corexii_corridor_pit, zin_academy
D:12:     regret_index_tunnel_blossom, layout_cave_pools, enter_bailey_1,
          biasface_ghost_orc_armoury, grunt_dithmenos_smoke
D:13:     layout_big_octagon, serial_bayou, serial_bayou_ford_a,
          serial_bayou_pond_c, serial_bayou_pond_b, serial_bayou_lagoon_b,
          serial_bayou_pond_c, serial_bayou_pond_c,
          nicolae_hepliaklqana_monster_ancestors, uniq_azrael, uniq_rupert,
          uniq_frances
D:14:     layout_loops_ring, lightli_vaults_fourway_checkpoint, serial_shops,
          nicolae_shop_waterfront, minmay_misc_feat_more_columns
D:15:     grunt_enter_depths_hoard, layout_irregular_city, tgw_xom
Lair:1:   minmay_guarded_unrand_snakebite, layout_long_grid, grunt_megastairs_3,
          serial_bayou_shore_a
Lair:2:   layout_regular_city, nicolae_spider_entry_tight_spaces,
          chequers_serial_rivers_room_a, uniq_sonja
Lair:3:   lemuel_reptile_caves, layout_concentric_octagons, swamp_mist,
          fungi_pond_lemuel, minmay_holes, uniq_gastronok
Lair:4:   layout_gridlike, chequers_serial_rivers_small_b
Lair:5:   wad_woods_stonehenge, layout_loops_ring
Lair:6:   hellmonk_lair_end_abyssal_woods, layout_gridlike,
          dpeg_slime_entry_enclosed_altar, gammafunk_ghost_ooze, serial_rivers,
          chequers_serial_rivers_micro_d, chequers_serial_rivers_micro_a,
          chequers_serial_rivers_small_b, chequers_serial_rivers_micro_c,
          chequers_serial_rivers_small_a, chequers_serial_rivers_small_3
Swamp:1:  layout_basic_swamp, portal_ice_cave_entry_ugly_swarm,
          evilmike_swamp_ruin_house_5, uniq_kirke
Swamp:2:  layout_falls_marsh, nicolae_swamp_big_swirl, swamp_pool4
Swamp:3:  layout_basic_swamp, evilmike_swamp_ruin_house_2, swamp_pool1,
          nicolae_swamp_treefoil
Swamp:4:  swamp, layout_basic_swamp, swamp_pool5
Spider:1: layout_spider_delve
Spider:2: layout_spider_delve, ebering_ghost_inner_flame
Spider:3: layout_spider_delve, uniq_arachne
Spider:4: spider_rune_water, nicolae_spider_rock_and_or_roll
Orc:1:    layout_caves
Orc:2:    st_orc_town, layout_caves
Elf:1:    minmay_elf_arrival_summoners, layout_loops_corners, serial_shops,
          nicolae_shop_waterfront, special_room [special_room_mythical_zoo],
          minivault_28
Elf:2:    elven_hall_of_blades_hangedman_alternative
          [nicolae_vaults_blade_armed_guards], layout_geoelf_octagon
Elf:3:    elf_hall, layout_geoelf_octagon, uniq_asterion
Vaults:1: nicolae_vaults_puzzle_piece, ontoclasm_vaults_claustrophobia,
          vaults_room_grunt_arrival_ludios, grunt_vaults_twisty, v_misc_13,
          nicolae_vaults_border_crossing, grunt_vaults_diagonal,
          nicolae_vaults_circle_grid_a, st_hourglassy, hangedman_vaults_stagger,
          nicolae_vaults_alarming, v_misc_24, layout_vaults_omnibox,
          nicolae_trove_entry_columns, uniq_donald

Skill      XL: |  1  2  3  4  5  6  7  8  9 10 11 12 13 14 15 16 17 18 19 |
---------------+----------------------------------------------------------+-----
Unarmed Combat | 4 5 6 7 8 9 12 13 14 16 | 16.2
Fighting       | 4 5 6 8 10 11 12 13 14 | 14.0
Dodging        | 1 2 3 4 5 6 7 8 9 10 | 10.0
Armour         | 2 3 4 5 6 7 8 9 10 | 10.0
Spellcasting   | 1 2 4 5 6 7 8 9 10 | 10.0
Transmutations | 3 4 5 6 7 8 |  8.0
Invocations    | 3 5 6 10 11 12 13 14 | 14.0
Shields        | 1 4 |  4.0
Evocations     | 3 10 12 13 14 | 14.0
Staves         | 3 5 |  5.1
Earth Magic    | 3 4 5 |  5.0

Action                   |  1- 3 |  4- 6 |  7- 9 | 10-12 | 13-15 | 16-18 | 19-21 || total
-------------------------+-------+-------+-------+-------+-------+-------+-------++-------
Melee: Unarmed           |   144 |   174 |   459 |   459 |   454 |   677 |    97 ||  2464
       Tailslap          |    15 |    20 |    55 |    54 |   122 |   189 |    41 ||   496
       Punch             |     3 |     2 |     5 |    28 |    19 |       |       ||    57
       Staff             |       |       |       |       |   380 |   782 |   295 ||  1457
 Cast: Passwall          |       |       |       |     1 |       |       |       ||     1
       Wereblood         |       |       |       |     2 |    19 |     1 |       ||    22
Invok: Renounce Religion |     1 |       |       |       |       |       |       ||     1
       Recall Ancestor   |       |       |     5 |       |     6 |    11 |     2 ||    24
       Ancestor Life: Ba |       |       |     1 |       |       |       |       ||     1
       Idealise          |       |       |       |       |       |    11 |     5 ||    16
 Abil: Rolling Charge    |     5 |     9 |     3 |     1 |     4 |    27 |       ||    49
Evoke: Wand              |       |       |     4 |    15 |    19 |    22 |     5 ||    65
       Box of beasts     |       |       |       |       |     2 |     7 |       ||     9
       Condenser vane    |       |       |       |       |       |     8 |     2 ||    10
  Use: Scroll            |     2 |       |    13 |    17 |     4 |    12 |       ||    48
       Potion            |       |       |     3 |     2 |     2 |     9 |       ||    16
 Stab: Distracted        |       |       |     1 |     5 |    10 |    18 |     5 ||    39
       Betrayed ally     |       |       |       |       |     1 |       |       ||     1
       Sleeping          |       |       |       |       |       |     3 |       ||     3
Armor: Leather armour    |    69 |    47 |       |       |       |       |       ||   116
       Troll leather arm |       |    42 |   190 |   204 |   515 |   255 |       ||  1206
       Skin              |       |       |       |    12 |       |       |       ||    12
       Scale mail        |       |       |       |       |       |   479 |       ||   479
       Gold dragon scale |       |       |       |       |       |   792 |   407 ||  1199
Dodge: Dodged            |    72 |    79 |   213 |   337 |   590 |   731 |    55 ||  2077
Block: Buckler           |       |       |       |       |   163 |   363 |    31 ||   557
       Kite shield       |       |       |       |       |       |       |   114 ||   114
